 Dungeon Crawl Stone Soup version 0.24.0-13-gcf9b3192b9 (webtiles) character file.

Game seed: 13313956929732405125, levelgen mode: deterministic

99940 Monsterracer the Spear-Bearer (level 16, -33/93 HPs)
             Began as a Tengu Chaos Knight on Nov 7, 2019.
             Was the Champion of Cheibriados.
             Blown up by an orb spider (35 damage)
             ... with an orb of destruction
             ... on level 2 of the Spider Nest.
             The game lasted 00:39:19 (25399 turns).

Monsterracer the Spear-Bearer (Tengu Chaos Knight) Turns: 25399, Time: 00:39:20

Health: -33/93     AC: 21    Str: 34    XL:     16   Next: 26%
Magic:  0/25       EV: 39    Int: 34    God:    Cheibriados [******]
Gold:   416        SH:  9    Dex: 28    Spells: 9/26 levels left

rFire    + . .     SeeInvis +   a - +9 demon trident (elec)
rCold    + . .     Gourm    .   y - +2 buckler {AC+3}
rNeg     + . .     Faith    .   I - +0 pearl dragon scales
rPois    +         Spirit   +   k - +0 hat {SInv}
rElec    .         Reflect  .   v - scarf {rC+ rF+}
rCorr    .         Harm     .   p - +1 pair of gloves {Str+3}
MR       +....     Clarity  +   (boots unavailable)
Stlth    +.........             d - amulet of guardian spirit
HPRegen  0.25/turn              K - ring of Phasing {EV+8}
MPRegen  0.19/turn              O - +4 ring of evasion

@: about to teleport, flying quickly and evasively, very slightly contaminated,
very slow
A: beak, talons 3, iridescent scales 1, clarity, clever 1, frail 1, poison
resistance, screaming 1, wild magic 1, able to fly
a: Stop Flying, Bend Time, Temporal Distortion, Slouch, Step From Time, Renounce
Religion


You were on level 2 of the Spider Nest.
You worshipped Cheibriados.
Cheibriados was exalted by your worship.
You were hungry.

You visited 4 branches of the dungeon, and saw 22 of its levels.
You also visited: Sewer.

You collected 2169 gold pieces.
You spent 1753 gold pieces at shops.

Inventory:

Hand Weapons
 a - a +9 demon trident of electrocution (weapon)
   (You acquired it on level 9 of the Dungeon)
Armour
 k - a +0 hat of see invisible (worn)
   (You took it off Gastronok on level 1 of the Lair of Beasts)
 p - a +1 pair of gloves of strength (worn)
   (You bought it in a shop on level 10 of the Dungeon)
 v - a scarf of resistance (worn)
   (You found it on level 6 of the Dungeon)
 y - a +2 buckler of protection (worn)
   (You took it off a tengu warrior on level 8 of the Dungeon)
 I - +0 pearl dragon scales (worn)
   (You found it on level 10 of the Dungeon)
Magical Staves
 b - an uncursed staff of wizardry {!a}
   (You found it on level 5 of the Lair of Beasts)
Jewellery
 d - an amulet of guardian spirit (around neck)
   (You bought it in a shop on level 2 of the Orcish Mines)
 n - an uncursed ring of resist corrosion
   (You found it on level 3 of the Dungeon)
 x - an uncursed ring of wizardry
   (You found it on level 1 of the Lair of Beasts)
 C - an uncursed ring of protection from cold
   (You found it on level 4 of the Dungeon)
 K - the ring of Phasing (left hand) {EV+8}
   (You found it on level 6 of the Dungeon)

   [ring of evasion]

   It affects your evasion (+8).
 O - a +4 ring of evasion (right hand)
   (You bought it in a shop on level 2 of the Orcish Mines)
Wands
 i - a wand of flame (31)
   (You took it off a big kobold on level 8 of the Dungeon)
 l - a wand of digging (4)
   (You found it on level 1 of the Lair of Beasts)
 w - a wand of disintegration (13)
   (You found it on level 10 of the Dungeon)
 A - a wand of iceblast (5)
   (You found it on level 10 of the Dungeon)
 H - a wand of scattershot (12)
   (You found it on level 11 of the Dungeon)
 M - a wand of paralysis (20)
   (You found it on level 3 of the Lair of Beasts)
Scrolls
 f - a scroll of identify
 m - 3 scrolls of magic mapping
 o - 2 scrolls of amnesia
 r - 11 scrolls of remove curse
 s - a scroll of summoning {!r}
 t - 12 scrolls of teleportation {!r}
 B - 4 scrolls of fog {!r}
 L - a scroll of fear {!r}
 X - 5 scrolls of blinking
Potions
 e - 7 potions of curing
 g - a potion of agility
 j - 3 potions of might
 q - 2 potions of magic
 u - 3 potions of invisibility
 z - 6 potions of brilliance
 D - 2 potions of ambrosia {!q}
 E - 2 potions of lignification
Miscellaneous
 F - a phantom mirror
 G - a sack of spiders
 J - a phial of floods
   (You found it on level 12 of the Dungeon)
Comestibles
 c - 41 rations


   Skills:
 * Level 13.0 Fighting
 - Level 14.0 Polearms
 + Level 9.8 Armour
 + Level 12.1 Dodging
 - Level 4.0 Shields
 + Level 5.8 Spellcasting
 - Level 10.0 Conjurations
 - Level 4.0 Hexes
 + Level 2.0 Charms
 - Level 4.0 Translocations
 + Level 9.9 Invocations
 - Level 5.0 Evocations


You had 9 spell levels left.
You knew the following spells:

 Your Spells              Type           Power        Failure   Level  Hunger
a - Magic Dart            Conj           ####         1%          1    None
b - Searing Ray           Conj           ######       1%          2    None
c - Fulminant Prism       Conj/Hex       ######....   7%          4    ##.....
d - Iskenderun's Battles  Conj/Chrm      ######..     26%         5    #####..
f - Force Lance           Conj/Tloc      ######..     7%          4    ##.....
z - Apportation           Tloc           #####.       3%          1    None

Your spell library contained the following spells:

 Spells                   Type           Power        Failure   Level  Hunger
 Dazzling Spray           Conj/Hex       ######       2%          3    None
 Iskenderun's Mystic Bla  Conj           #######.     2%          4    ##.....
 Confusing Touch          Hex            #####.       3%          1    None
 Corona                   Hex            #####..      3%          1    None
 Confuse                  Hex            #####...     8%          3    None
 Tukima's Dance           Hex            #####...     8%          3    None
 Ensorcelled Hibernation  Hex/Ice        ####..       9%          2    None
 Animate Skeleton         Necr           N/A          12%         1    None
 Beastly Appendage        Tmut           ##....       12%         1    None
 Summon Small Mammal      Summ           ##..         12%         1    None
 Ozocubu's Armour         Chrm/Ice       ###.....     22%         3    None
 Vampiric Draining        Necr           ##........   32%         3    None
 Ice Form                 Ice/Tmut       ##......     69%         4    ##.....
 Blade Hands              Tmut           ##........   95%         5    #####..
 Dragon Form              Tmut           ##........   100%        7    #######


Dungeon Overview and Level Annotations

Branches:
Dungeon (12/15)            Temple (0/1) D:4            Lair (6/6) D:8
 Shoals (0/4) Lair:2       Spider (2/4) Lair:4        Slime (0/5) Lair:5
    Orc (2/2) D:11            Elf (0/3) Orc:2         Sewer (visited)

Altars:
Cheibriados
Elyvilon
Hepliaklqana
Makhleb
Qazlal
Ru
Sif Muna
Xom
Zin
Beogh

Shops:
D:9 [   D:10 [   Orc:2 ==(?=

Annotations:
Orc:2 3 runed translucent doors, Nattefrost's ghost, journeyman OgBe


Innate Abilities, Weirdness & Mutations

You have a beak for a mouth.
You have claws for feet.
You can fly continuously.
You are partially covered in iridescent scales. (AC +2)
You possess an exceptional clarity of mind.
Your mind is acute. (Int +2)
You are frail. (-10% HP)
Your system is resistant to poisons. (rPois)
You occasionally shout uncontrollably at your foes.
Your spells are a little harder to cast, but a little more powerful.


Message History

Confirm with . or Enter, or press ? or * to list all spells.
Okay, then.
Casting: Magic Dart (safe; 1% risk of failure)
Confirm with . or Enter, or press ? or * to list all spells.
You miscast Iskenderun's Battlesphere.
You are very lightly contaminated with residual magic.
Sparks fly from your hands!
A redback comes into view.
The jumping spider leaps!
Casting: Iskenderun's Battlesphere (quite dangerous; 26% risk of failure)
Confirm with . or Enter, or press ? or * to list all spells.
You conjure a globe of magical energy.
You are feeling hungry.
The orb of destruction hits you!! The tarantella completely misses you.
You block the tarantella's attack.
Unknown command.
Casting: Iskenderun's Battlesphere (quite dangerous; 26% risk of failure)
Confirm with . or Enter, or press ? or * to list all spells.
Aiming: Magic Dart (safe; 1% risk of failure)
Press: ? - help, Shift-Dir - straight line, f - tarantella
Aim: a tarantella The magic dart hits the tarantella.
The tarantella is lightly wounded.
Your battlesphere fires!
The barrage of energy hits the tarantella!
The tarantella is heavily wounded.
A jumping spider comes into view.
The tarantella completely misses you. The redback completely misses you.
Unknown command.
Really harm near your battlesphere?
You can feel time thicken for a moment.
You kill the tarantella!
Cheibriados thoroughly appreciates the change of pace.
You kill the redback!
Cheibriados thoroughly appreciates the change of pace.
You kill the redback!
Cheibriados thoroughly appreciates the change of pace.
You kill the jumping spider!
Cheibriados thoroughly appreciates the change of pace.
You kill the redback!
Cheibriados thoroughly appreciates the change of pace.
You kill the tarantella!
Cheibriados thoroughly appreciates the change of pace.
Your Charms skill increases to level 2!
You destroy your battlesphere!
You kill the redback!
Cheibriados thoroughly appreciates the change of pace.
You kill the redback!
Cheibriados thoroughly appreciates the change of pace.
You kill the jumping spider!
Cheibriados thoroughly appreciates the change of pace.
You feel somewhat more hungry.
An orb spider comes into view.
The orb spider pulsates with a strange energy.
The orb spider weaves a glowing orb of energy.
An orb of destruction comes into view.
The orb spider begins to weave its threads into a brightly glowing ball.
The orb of destruction hits you!!
* * * LOW HITPOINT WARNING * * *
The orb spider pulsates with a strange energy.
Casting: Magic Dart (safe; 1% risk of failure)
Confirm with . or Enter, or press ? or * to list all spells.
Aiming: Magic Dart (safe; 1% risk of failure)
Press: ? - help, Shift-Dir - straight line, f - orb spider
Aim: an orb spider (heavily wounded, fully charged)
The magic dart hits the orb spider.
The orb spider is severely wounded.
The orb spider weaves a glowing orb of energy.
An orb of destruction comes into view.
Casting: Magic Dart (safe; 1% risk of failure)
Confirm with . or Enter, or press ? or * to list all spells.
Aiming: Magic Dart (safe; 1% risk of failure)
Press: ? - help, Shift-Dir - straight line, f/p - orb spider
Aim: an orb spider (severely wounded, fully charged)
The magic dart hits the orb spider!
The orb spider is severely wounded.
The orb spider weaves a glowing orb of energy.
The orb spider spins a strand of pure energy.
An orb of destruction comes into view.
Casting: Magic Dart (safe; 1% risk of failure)
Confirm with . or Enter, or press ? or * to list all spells.
Aiming: Magic Dart (safe; 1% risk of failure)
Press: ? - help, Shift-Dir - straight line, f/p - orb spider
Aim: an orb spider (severely wounded)
The magic dart hits the orb spider.
The orb spider is almost dead.
The sentinel's mark upon you fades away.
The orb spider pulsates with a strange energy.
You block the orb of destruction.
The orb of destruction dissipates.
The orb of destruction hits you!!!
* * * LOW HITPOINT WARNING * * *
Really read
t - 13 scrolls of teleportation {!r}?
As you read the scroll of teleportation {!r}, it crumbles to dust.
You feel strangely unstable.
The orb spider weaves a glowing orb of energy.
An orb of destruction comes into view.
You block the orb of destruction.
The orb of destruction dissipates.
The orb spider weaves a glowing orb of energy.
An orb of destruction comes into view.
The orb of destruction hits you!!!
You die...

.........................#
...............#.†....#
.......†.†.......††.^.#
......†..........^....#
.......†..............#
..........s...........#
....†.....○○..........#
...†........○.........#
.....#......○@....##..#
.....##.....○....## ..#
..... ####..°....# ..
##..s...# #.......#
##......# .......#
......##


You could see 2 orb spiders.

Vanquished Creatures
  Gastronok (Lair:1)
  Kirke (Lair:4)
  An orc warlord (Orc:1)
  An emperor scorpion (Spider:2)
  An entropy weaver (Spider:2)
  Nessos (Lair:4)
  2 dire elephants (Lair:6)
  Azrael (D:12)
  Josephine (Lair:5)
  Fannar (D:10)
  The ghost of Wuipneru the Cleaver, a journeyman MiBe of Trog (Orc:1)
  5 hydras (Lair:2 Lair:5 Lair:6)
  Erica (D:10)
  An anaconda (Lair:6)
  A dancing weapon (Orc:1)
  11 death yaks (Lair:2 Lair:4 Lair:6)
  2 two-headed ogres (D:12 Orc:1)
  A tengu warrior (D:8)
  Urug (Lair:5)
  5 orc high priests (Orc:2)
  Nergalle (D:11)
  Sonja (Lair:2)
  An unseen horror (D:11)
  10 wolf spiders (Spider:1 Spider:2)
  10 orc knights (D:11 Orc:2)
  An orc sorcerer (Orc:1)
  9 orb spiders (Spider:1 Spider:2)
  3 cyclopes (D:12 Orc:1)
  4 oklob plants (Lair:5)
  4 elephants (Lair:6)
  A black mamba (Lair:6)
  Psyche (D:10)
  10 spiny frogs (Lair:1 Lair:2 Lair:4 Lair:5 Lair:6)
  2 gargoyles (D:10)
  The ghost of magipi the Conjurer, a novice DrFE (D:7)
  2 centaur skeletons (D:10 D:11)
  9 komodo dragons (Lair:1 Lair:2 Lair:5 Lair:6)
  3 rime drakes (Lair:5)
  6 demonic crawlers (Spider:1 Spider:2)
  A queen bee (Lair:1)
  5 trolls (D:12 Orc:1 Orc:2)
  20 jumping spiders (Spider:1 Spider:2)
  2 hornets (Spider:1)
  6 slime creatures (D:12 Lair:5)
  22 blink frogs (Lair:1 Lair:4 Lair:5)
  8 hippogriffs (D:12 Lair:2 Lair:3 Lair:4 Lair:5)
  A dream sheep (Lair:3)
  8 tarantellas (Spider:1 Spider:2)
  A shadow (D:11)
  22 redbacks (Spider:1 Spider:2)
  4 spriggans (Lair:3)
  3 wraiths (Lair:5)
  3 wyverns (D:11 D:12)
  3 fire elementals (D:12)
  13 yaks (D:11 Lair:1 Lair:6)
  4 hogs (Lair:4)
  2 basilisks (Lair:3)
  2 chaos spawn (D:8)
  A steam dragon (D:11)
  4 vampire mosquitoes (D:12)
  3 wargs (Orc:1 Orc:2)
  Edmund (D:5)
  12 water moccasins (D:8 Lair:1 Lair:2 Lair:3 Lair:4)
  2 hell hounds (D:12)
  13 porcupines (D:8 Lair:1 Lair:2 Lair:4)
  Duvessa (D:6)
  5 black bears (D:8 D:10 Lair:3)
  7 sky beasts (D:5 D:8 D:9 D:10 D:11)
  49 orc warriors (D:6 D:7 D:8 D:10 D:11)
  A hornet zombie (D:9)
  5 ice beasts (D:5 D:6 D:8 D:10 D:12)
  A wolf (Lair:2)
  4 phantoms (D:6 D:7 D:8 D:12)
  19 ogres (D:5 D:6 D:9 D:10 D:12)
  10 crocodiles (D:8 Lair:1 Lair:2 Lair:4 Lair:6)
  9 centaurs (D:4 D:9 D:10 D:11 D:12)
  8 bullfrogs (D:6 D:7 D:8 Lair:1 Lair:5)
  6 big kobolds (Sewer D:8 D:10)
  3 gnoll sergeants (D:6 D:10 D:11)
  Dowan (D:6)
  A water moccasin skeleton (D:10)
  4 scorpions (D:7 D:10 D:11)
  24 killer bees (Lair:1)
  5 wights (D:7)
  3 howler monkeys (D:2 D:5 D:9)
  An electric eel (Spider:1)
  4 crimson imps (D:5 D:7 D:8)
  A bullfrog zombie (D:10)
  3 centaur zombies (D:9 D:11 D:12)
  5 quasits (D:5 D:7)
  34 orc priests (D:3 D:6 D:7 D:9 D:10)
  3 jellies (D:6 Lair:5)
  9 bullfrog skeletons (D:4 D:5 D:6 D:7 D:11)
  9 hounds (D:4 D:5 D:6 D:8 D:10)
  19 orc wizards (D:2 D:4 D:6 D:7 D:8)
  3 iguanas (D:4 D:6 D:9)
  13 worker ants (D:3 D:4 D:5 D:6 D:7)
  A hound zombie (D:6)
  A howler monkey zombie (D:8)
  A worker ant zombie (D:8)
  11 gnolls (D:6 D:5 D:10 D:11)
  17 adders (D:2 D:3 Sewer D:6 D:7)
  3 river rats (Sewer)
  2 shadow imps (D:6 D:7)
  4 oozes (Sewer)
  2 adder zombies (D:5)
  9 worms (D:2 D:3 D:5 Sewer)
  3 adder skeletons (D:7 D:8 D:9)
  2 dart slugs (D:2 D:4)
  3 leopard geckos (D:2)
  88 orcs (D:2 D:3 D:4 D:5 D:6)
  9 ball pythons (D:1 D:5 Sewer)
  4 bats (D:1 D:2 D:5)
  6 giant cockroaches (D:1 D:2 D:3 D:4 D:6)
  6 goblins (D:1 D:2 D:3)
  13 hobgoblins (D:1 D:2 D:3)
  10 jackals (D:4 D:6 D:10)
  5 quokkas (D:2 D:3 D:4 D:5 D:9)
  5 frilled lizards (D:1 D:3 D:2)
  A jackal skeleton (D:7)
  9 kobolds (D:1 D:2 D:3 D:10)
  A leopard gecko zombie (D:5)
  A quokka skeleton (D:10)
  11 rats (D:1 D:2 D:3 Sewer)
  A fungus (D:8)
  4 plants (Lair:5 Lair:6)
788 creatures vanquished.

Vanquished Creatures (collateral kills)
  A hog (Lair:4)
1 creature vanquished.

Vanquished Creatures (others)
  A redback (Spider:1)
  9 fulminant prisms (Lair:5 Orc:2 Spider:1)
  6 fungi (D:8 Lair:2 Lair:4)
  3 plants (Lair:4 Lair:5 Lair:6)
19 creatures vanquished.

Grand Total: 808 creatures vanquished

Notes
Turn   | Place    | Note
-------+----------+-------------------------------------------
     0 | D:1      | Monsterracer the Tengu Chaos Knight began the quest for the
                  | Orb.
     0 | D:1      | Reached XP level 1. HP: 14/14 MP: 2/2
    93 | D:1      | Reached XP level 2. HP: 19/19 MP: 3/3
   545 | D:1      | XOM: harmless Chrm miscast
   618 | D:1      | XOM: silly message
   629 | D:1      | Reached XP level 3. HP: 23/23 MP: 4/4
   637 | D:1      | XOM: divination: detect items
   692 | D:1      | XOM: harmless Hex miscast
   956 | D:2      | XOM: divination: detect items
  1066 | D:2      | Found a white marble altar of Elyvilon.
  1209 | D:2      | You fall into a shaft and drop 1 floor!
  1275 | D:3      | HP: 11/23 [poisoned by a kobold]
  1282 | D:3      | HP: 9/23 [poisoned by a kobold]
  1290 | D:3      | HP: 8/23 [poisoned by a kobold]
  1530 | D:3      | Reached skill level 4 in Polearms
  1555 | D:3      | Reached XP level 4. HP: 27/28 MP: 5/5
  1837 | D:2      | XOM is BORED!
  1837 | D:2      | XOM: noise
  1842 | D:2      | XOM: mild Ice miscast
  1864 | D:2      | Gained mutation: You can fly continuously. [Tengu growth]
  1864 | D:2      | Reached XP level 5. HP: 20/33 MP: 6/6
  1937 | D:2      | XOM: stat loss: -1 Str (12/13)
  2056 | D:2      | XOM: polymorph bat -> giant cockroach
  2598 | D:3      | XOM: scenery: 1 doors open
  2616 | D:2      | XOM: cast spell 'Metabolic Englaciation'
  2617 | D:2      | HP: 16/33 [orc wizard/magic dart (4)]
  2621 | D:2      | XOM: enchant monster (good)
  2622 | D:2      | HP: 14/33 [orc wizard/magic dart (2)]
  2625 | D:2      | Reached skill level 5 in Polearms
  2799 | D:3      | Reached XP level 6. HP: 38/38 MP: 7/7
  2879 | D:3      | XOM: cloud trail
  2950 | D:3      | Found a burning altar of Makhleb.
  2950 | D:3      | Found a snail-covered altar of Cheibriados.
  2957 | D:3      | Fell from the grace of Xom
  2957 | D:3      | Became a worshipper of Cheibriados the Contemplative
  2995 | D:3      | XOM: mild Fire miscast
  3061 | D:3      | XOM: stat loss: -3 Int (11/14)
  3087 | D:3      | XOM: polymorph rat -> worker ant
  3098 | D:3      | Fell from the grace of Cheibriados
  3128 | D:3      | Became a worshipper of Cheibriados the Contemplative
  3258 | D:3      | XOM: give mutations
  3258 | D:3      | Gained mutation: You expend magic power (3 MP) to
                  | strengthen your wands. [Xom's mischief]
  3258 | D:3      | Gained mutation: Your magical capacity is low. (-10% MP)
                  | [Xom's mischief]
  3258 | D:3      | Gained mutation: Your spells are a little harder to cast,
                  | but a little more powerful. [Xom's mischief]
  3258 | D:3      | Gained mutation: Your system is resistant to poisons.
                  | (rPois) [Xom's mischief]
  3284 | D:3      | XOM: summons 4 hostile demons
  3285 | D:3      | Noticed a ynoxinul
  3285 | D:3      | Noticed a hellwing
  3289 | D:3      | HP: 17/38 [hellwing[Xom] (4)]
  3505 | D:3      | XOM: medium Pois miscast
  3621 | D:3      | XOM: mild Fire miscast
  3654 | D:4      | Fell from the grace of Cheibriados
  3683 | D:3      | HP: 12/38 [something (18)]
  3712 | D:3      | Became a worshipper of Cheibriados the Contemplative
  4035 | D:4      | HP: 17/39 [quokka (5)]
  4233 | D:4      | Found a glowing silver altar of Zin.
  4316 | D:4      | Reached skill level 6 in Polearms
  4316 | D:4      | Reached XP level 7. HP: 44/44 MP: 6/7
  4372 | D:4      | Reached * piety under Cheibriados
  4373 | D:4      | Reached skill level 1 in Invocations
  4478 | D:4      | Found a staircase to the Ecumenical Temple.
  4611 | D:4      | XOM: medium Erth miscast
  4701 | D:4      | XOM: noise
  4802 | D:4      | XOM: divination: detect items
  4847 | D:5      | Entered Level 5 of the Dungeon
  5103 | D:4      | XOM: mild Ice miscast
  5211 | D:5      | Found a stormy altar of Qazlal.
  5362 | D:5      | XOM: give mutations
  5362 | D:5      | Gained mutation: You evolve. [Xom's mischief]
  5362 | D:5      | Gained mutation: You are frail. (-10% HP) [Xom's mischief]
  5362 | D:5      | Gained mutation: Your mind is acute. (Int +2) [Xom's
                  | mischief]
  5405 | D:5      | Found a glowing drain.
  5424 | D:5      | Reached skill level 5 in Fighting
  5427 | D:5      | HP: 18/39 [worker ant (5)]
  5429 | D:5      | Reached skill level 7 in Polearms
  5429 | D:5      | Reached XP level 8. HP: 18/44 MP: 9/9
  5454 | D:5      | HP: 16/44 [ogre/+0 giant spiked club (6)]
  5517 | Sewer    | Entered a sewer
  5699 | Sewer    | XOM: give mutations
  5699 | Sewer    | Lost mutation: You are frail. (-10% HP) [Xom's mischief]
  5699 | Sewer    | Gained mutation: Your body sometimes deteriorates upon
                  | taking damage. [Xom's mischief]
  5699 | Sewer    | Lost mutation: You expend magic power (3 MP) to strengthen
                  | your wands. [Xom's mischief]
  5873 | Sewer    | Reached ** piety under Cheibriados
  5964 | Sewer    | Reached skill level 5 in Dodging
  6170 | Sewer    | XOM: confusion (+ monsters)
  6203 | Sewer    | XOM: give mutations
  6203 | Sewer    | Gained mutation: You are frail. (-10% HP) [Xom's mischief]
  6203 | Sewer    | Lost mutation: Your body sometimes deteriorates upon taking
                  | damage. [Xom's mischief]
  6203 | Sewer    | Lost mutation: Your magical capacity is low. (-10% MP)
                  | [Xom's mischief]
  6203 | Sewer    | Gained mutation: You are weak. (Str -2) [Xom's mischief]
  6374 | D:5      | Noticed Edmund
  6382 | D:5      | HP: 19/45 [Edmund/+0 dire flail of protection (10)]
  6389 | D:5      | HP: 7/45 [Edmund/+0 dire flail of protection (8)]
  6395 | D:5      | Killed Edmund
  6395 | D:5      | Reached skill level 8 in Polearms
  6635 | D:5      | Reached XP level 9. HP: 42/49 MP: 12/12
  6815 | D:5      | Learned a level 2 spell: Searing Ray
  6820 | D:5      | Learned a level 4 spell: Fulminant Prism
  6957 | D:6      | HP: 17/49 [gnoll/+0 halberd (11)]
  6965 | D:6      | Reached skill level 1 in Conjurations
  6966 | D:6      | HP: 6/49 [gnoll/+0 flail (12)]
  7304 | D:6      | Reached *** piety under Cheibriados
  7304 | D:6      | Reached skill level 9 in Polearms
  7439 | D:6      | Found the ring of Phasing {EV+8}
  7487 | D:6      | Noticed Duvessa
  7487 | D:6      | Noticed Dowan
  7491 | D:6      | Killed Duvessa
  7496 | D:6      | Killed Dowan
  7677 | D:6      | HP: 17/50 [orc warrior/+1 mace of draining (18)]
  7871 | D:6      | XOM: divination: detect items
  7891 | D:6      | XOM: harmless Tloc miscast
  7906 | D:6      | XOM: silly message
  8036 | D:6      | Reached **** piety under Cheibriados
  8276 | D:7      | Found a transporter.
  8283 | D:7      | Noticed magipi's ghost (novice DrFE)
  8296 | D:7      | XOM: silly message
  8305 | D:7      | Found a transporter.
  8312 | D:7      | Reached XP level 10. HP: 54/54 MP: 14/14
  8402 | D:7      | Reached skill level 10 in Polearms
  8412 | D:7      | HP: 22/54 [orc warrior/+0 halberd (14)]
  8421 | D:7      | HP: 23/54 [orc warrior/+0 halberd (1)]
  8445 | D:7      | XOM: divination: detect creatures
  8712 | D:7      | Lost mutation: You are weak. (Str -2) [potion of mutation]
  8712 | D:7      | Lost mutation: Your spells are a little harder to cast, but
                  | a little more powerful. [potion of mutation]
  8712 | D:7      | Lost mutation: You evolve. [potion of mutation]
  8712 | D:7      | Gained mutation: You have a pair of small antennae on your
                  | head. [potion of mutation]
  8712 | D:7      | Gained mutation: You occasionally shout uncontrollably at
                  | your foes. [potion of mutation]
  8712 | D:7      | Gained mutation: You are weak. (Str -2) [potion of
                  | mutation]
  8712 | D:7      | Gained mutation: You are partially covered in iridescent
                  | scales. (AC +2) [potion of mutation]
  8713 | D:7      | Lost mutation: You have a pair of small antennae on your
                  | head. [potion of mutation]
  8713 | D:7      | Lost mutation: You are weak. (Str -2) [potion of mutation]
  8713 | D:7      | Lost mutation: You are frail. (-10% HP) [potion of
                  | mutation]
  8713 | D:7      | Gained mutation: You possess an exceptional clarity of
                  | mind. [potion of mutation]
  8713 | D:7      | Gained mutation: Your spells are a little harder to cast,
                  | but a little more powerful. [potion of mutation]
  9069 | D:7      | XOM: medium Chrm miscast
  9098 | D:7      | XOM: medium Ice miscast
  9178 | D:7      | XOM: mild Pois miscast
  9178 | D:7      | Was forgiven by Xom
  9236 | D:7      | Killed magipi's ghost
  9240 | D:7      | Reached skill level 5 in Invocations
  9483 | D:8      | Reached skill level 5 in Conjurations
  9552 | D:8      | Reached ***** piety under Cheibriados
  9572 | D:8      | Found a staircase to the Lair.
  9679 | D:8      | Noticed a tengu warrior
  9699 | D:8      | HP: 29/63 [tengu warrior/cursed +0 long sword (13)]
  9704 | D:8      | Killed a tengu warrior
  9704 | D:8      | Reached skill level 11 in Polearms
  9707 | D:8      | HP: 21/63 [poisoned by an orc warrior]
  9714 | D:8      | HP: 21/63 [poisoned by an orc warrior]
  9720 | D:8      | HP: 21/63 [poisoned by an orc warrior]
 10002 | D:8      | Reached skill level 1 in Shields
 10013 | D:8      | Found a shimmering altar of Xom.
 10014 | D:8      | Found the +7 mace of Variability {chain chaos}
 10033 | D:8      | Reached XP level 11. HP: 67/67 MP: 16/16
 10587 | D:9      | Found a hazy altar of Hepliaklqana.
 10599 | D:9      | Found Qitoeda's Armour Shoppe.
 10604 | D:9      | Bought a +0 pair of gloves for 54 gold pieces
 10856 | D:9      | Found a sacrificial altar of Ru.
 11057 | D:9      | Identified a scroll of acquirement
 11342 | D:10     | Entered Level 10 of the Dungeon
 11551 | D:10     | Noticed Erica
 11559 | D:10     | Reached ****** piety under Cheibriados
 11562 | D:10     | Killed Erica
 11562 | D:10     | Reached skill level 1 in Evocations
 11628 | D:10     | Found Paimuynedd's Antique Armour Shoppe.
 11745 | D:10     | Noticed Psyche
 11752 | D:10     | Killed Psyche
 11830 | D:10     | Noticed Fannar
 11844 | D:10     | Killed Fannar
 11929 | D:10     | Bought a crude scale mail for 180 gold pieces
 11929 | D:10     | Bought a pitted chain mail for 190 gold pieces
 11940 | D:10     | Identified the +1 scale mail of the Eternal Fruit {rF+ rC+}
                  | (You bought it in a shop on level 10 of the Dungeon)
 11950 | D:10     | Identified the +9 chain mail of the Foremost Shrikes {*Slow
                  | rElec rC++ Dex+2} (You bought it in a shop on level 10 of
                  | the Dungeon)
 12581 | D:11     | Noticed Nergalle
 12585 | D:11     | Killed Nergalle
 12585 | D:11     | Reached skill level 12 in Polearms
 12738 | D:11     | Killed an unseen horror
 12752 | D:11     | Got a shimmering dagger
 12783 | D:11     | Found a roughly hewn altar of Beogh.
 12783 | D:11     | Found a staircase to the Orcish Mines.
 12783 | D:11     | Noticed an orc knight
 12784 | D:11     | Noticed an orc knight
 12792 | D:11     | Killed an orc knight
 12792 | D:11     | Reached XP level 12. HP: 75/75 MP: 11/17
 13439 | D:12     | Noticed a two-headed ogre
 13442 | D:12     | Killed a two-headed ogre
 13475 | D:12     | Reached skill level 5 in Armour
 13527 | D:12     | Noticed Azrael
 13533 | D:12     | HP: 31/75 [Azrael/damnation (25)]
 13542 | D:12     | Killed Azrael
 13542 | D:12     | Reached skill level 13 in Polearms
 13744 | D:12     | Found a shimmering blue altar of Sif Muna.
 14082 | D:10     | Bought a pair of glowing gloves for 150 gold pieces
 14163 | Lair:1   | Entered Level 1 of the Lair of Beasts
 14165 | Lair:1   | Noticed Gastronok
 14176 | Lair:1   | Killed Gastronok
 14176 | Lair:1   | Reached XP level 13. HP: 79/80 MP: 19/19
 14547 | Lair:1   | Reached skill level 5 in Evocations
 15052 | Lair:2   | Reached skill level 10 in Dodging
 15108 | Lair:2   | Noticed Sonja
 15110 | Lair:2   | Killed Sonja
 15174 | Lair:2   | Found a staircase to the Shoals.
 15199 | Lair:2   | Reached skill level 14 in Polearms
 15224 | Lair:2   | Got an ichor-stained whip
 15624 | Lair:2   | Reached skill level 10 in Conjurations
 15860 | Lair:3   | Reached skill level 10 in Fighting
 15860 | Lair:3   | Reached skill level 1 in Spellcasting
 16630 | Lair:4   | Found a hole to the Spider Nest.
 16652 | Lair:4   | Reached XP level 14. HP: 74/88 MP: 21/21
 16655 | Lair:4   | Reached skill level 1 in Hexes
 16720 | Lair:4   | Noticed Nessos
 16745 | Lair:4   | Killed Nessos
 17249 | Lair:4   | Learned a level 4 spell: Force Lance
 17423 | Lair:4   | Noticed Kirke
 17449 | Lair:4   | Killed Kirke
 17964 | Lair:5   | Found a staircase to the Slime Pits.
 18058 | Lair:5   | Noticed Urug
 18071 | Lair:5   | Killed Urug
 18235 | Lair:5   | Got a twitching golden ring
 18237 | Lair:5   | Identified the ring "Geules" {Ice Str+2} (You found it on
                  | level 5 of the Lair of Beasts)
 18345 | Lair:5   | Noticed Josephine
 18350 | Lair:5   | Killed Josephine
 18806 | Lair:5   | Got a slimy ivory ring
 18808 | Lair:5   | Identified the cursed ring of Fragile Peace {*Contam rElec
                  | rC+ Int-3} (You found it on level 5 of the Lair of Beasts)
 18961 | Lair:5   | Learned a level 1 spell: Apportation
 19017 | Lair:5   | Gained mutation: You are frail. (-10% HP) [mutagenic glow]
 19135 | Lair:6   | Entered Level 6 of the Lair of Beasts
 19514 | Lair:6   | Reached skill level 1 in Translocations
 20241 | Lair:6   | Reached XP level 15. HP: 53/85 MP: 22/22
 20732 | Orc:1    | Entered Level 1 of the Orcish Mines
 20883 | Orc:1    | Noticed an orc warlord
 20897 | Orc:1    | Killed an orc warlord
 21025 | Orc:1    | Found a runed translucent door.
 21025 | Orc:1    | Found a shimmering altar of Xom.
 21025 | Orc:1    | Noticed Wuipneru's ghost (journeyman MiBe)
 21053 | Orc:1    | Killed Wuipneru's ghost
 21226 | Orc:2    | Entered Level 2 of the Orcish Mines
 21379 | Orc:2    | Found a roughly hewn altar of Beogh.
 21385 | Orc:2    | Found a staircase to the Elven Halls.
 21431 | Orc:2    | Noticed Nattefrost's ghost (journeyman OgBe)
 21488 | Orc:2    | Found Daiczex's Jewellery Shoppe.
 21519 | Orc:2    | HP: 40/86 [orc priest/divine providence (10)]
 21521 | Orc:2    | HP: 16/86 [orc priest/nerve-wracking pain (9)]
 21521 | Orc:2    | HP: 5/86 [orc priest/divine providence (11)]
 21535 | Orc:2    | HP: 22/86 [orc high priest/divine providence (7)]
 21535 | Orc:2    | HP: 10/86 [soul eater[an orc high priest] (12)]
 21968 | Orc:2    | Bought an uncursed amulet of guardian spirit for 360 gold
                  | pieces
 21968 | Orc:2    | Bought a +4 ring of evasion for 432 gold pieces
 22336 | Orc:2    | Found Pelyt's Magic Scroll Shoppe.
 22339 | Orc:2    | Found Teuvinlie's Jewellery Emporium.
 22340 | Orc:2    | Found Ustro's Jewellery Shoppe.
 22341 | Orc:2    | Found Hebaemm's Antique Weapon Shoppe.
 22348 | Orc:2    | Bought a scroll of teleportation for 54 gold pieces
 22348 | Orc:2    | Bought a scroll of teleportation for 54 gold pieces
 22348 | Orc:2    | Bought a scroll of summoning for 171 gold pieces
 22538 | Orc:2    | Found a runed translucent gate.
 22538 | Orc:2    | Found a runed translucent gate.
 22538 | Orc:2    | Found a runed translucent gate.
 22978 | Spider:1 | Entered Level 1 of the Spider Nest
 23010 | Spider:1 | Reached skill level 5 in Spellcasting
 23038 | Spider:1 | HP: 34/87 [disintegration (20)]
 23421 | Spider:1 | Identified Ezessy's Catalogue of Warped Good Luck
 23429 | Spider:1 | Learned a level 5 spell: Iskenderun's Battlesphere
 23431 | Spider:1 | Learned a level 1 spell: Magic Dart
 23789 | Orc:2    | Bought a scroll of identify for 36 gold pieces
 23789 | Orc:2    | Bought a scroll of identify for 36 gold pieces
 23789 | Orc:2    | Bought a scroll of identify for 36 gold pieces
 24624 | Spider:2 | Reached skill level 1 in Charms
 24624 | Spider:2 | Reached XP level 16. HP: 87/92 MP: 23/25
 24648 | Spider:2 | Identified the Grimoire of Unstable Stolen Souls
 24668 | Spider:2 | HP: 28/92 [disintegration (33)]
 24681 | Spider:2 | HP: 26/92 [disintegration (6)]
 25391 | Spider:2 | HP: 34/93 [disintegration (32)]
 25396 | Spider:2 | HP: 1/93 [disintegration (35)]
 25399 | Spider:2 | Blown up by an orb spider

Levels and vault maps discovered:
D:1:      enne_arrival_octagon_isle, layout_loops_ring
D:2:      minmay_chambers_of_ones, layout_basic, elyvilon_altar_1
D:3:      layout_basic, gammafunk_temple_overflow_elements, first_ration,
          serial_bayou_pond_e, kennysheep_potato, uniq_terence
D:4:      cheibrodos_quashed, layout_cave_pools, zin_academy,
          minmay_temple_entry_statues_pillars, st_stairs_6
D:5:      cheibrodos_barr_body, layout_loops_ring, grunt_qazlal_clouds,
          cheibrodos_sewer_entry_sluice, uniq_edmund
D:6:      layout_rooms, uniq_duvessa
D:7:      layout_basic, gammafunk_ghost_stat_death
D:8:      layout_basic, grunt_lair_entry_orc_guard_hut, blue_anna_alchemist
          [blue_anna_fruit_fields, blue_anna_fruit_fields],
          minmay_guarded_unrand_variability
D:9:      layout_basic, kennysheep_mini_moat, kennysheep_little_box,
          serial_shops, nicolae_shop_crystal
D:10:     layout_stronghold, kennysheep_windowed_goal, uniq_fannar, uniq_psyche,
          uniq_erica
D:11:     layout_cross, david_orc_5, uniq_nergalle
D:12:     layout_roguey, basic_altar, minmay_misc_feat_hallway,
          chequers_arboretum, columned_hall_lemuel, uniq_azrael
Lair:1:   layout_loops_ring, special_room [special_room_bee], uniq_gastronok
Lair:2:   layout_loops_ring, shoals_dummy_entry, beast_lair_carwin_10,
          serial_bayou_shore_b, infiniplex_staircase_pool_2, uniq_sonja
Lair:3:   wad_woods_settlement, layout_regular_city
Lair:4:   layout_long_grid, dummy_spider_entry, grunt_megastairs_5, uniq_kirke,
          uniq_nessos
Lair:5:   layout_regular_city, minmay_slime_entry_pillars,
          minmay_lair_oklob_chamber, infiniplex_staircase_pool,
          lemuel_fruit_tree, uniq_josephine, uniq_urug
Lair:6:   due_jungle_book, layout_regular_city
Spider:1: layout_spider_delve
Spider:2: layout_spider_delve, drop_trap
Orc:1:    layout_diamond_mine, ebering_ghost_xom
Orc:2:    st_orc_pillars, layout_diamond_mine, special_room, basic_altar,
          serial_shops, shop, maelrawn_ghost_gauntlet_escape

Skill      XL: |  1  2  3  4  5  6  7  8  9 10 11 12 13 14 15 16 |
---------------+-------------------------------------------------+-----
Dodging        | 2 3 4 5 6 7 8 9 10 11 12 | 12.1
Polearms       | 4 5 6 7 8 9 11 12 13 14 | 14.0
Fighting       | 4 5 6 7 8 9 10 11 12 13 | 13.0
Invocations    | 2 3 4 5 6 7 8 9 |  9.9
Conjurations   | 4 5 7 9 10 | 10.0
Shields        | 2 4 |  4.0
Evocations     | 2 4 5 |  5.0
Armour         | 4 5 7 8 9 |  9.8
Spellcasting   | 1 4 5 |  5.8
Hexes          | 3 4 |  4.0
Translocations | 1 3 4 |  4.0
Charms         | 1 2 |  2.0

Action                   |  1- 3 |  4- 6 |  7- 9 | 10-12 | 13-15 | 16-18 || total
-------------------------+-------+-------+-------+-------+-------+-------++-------
Melee: Spear             |    84 |   126 |       |       |       |       ||   210
       Kick              |    12 |    33 |   131 |   229 |   320 |    32 ||   757
       Peck              |     4 |    25 |    75 |   125 |   187 |    16 ||   432
       Trident           |       |    37 |   294 |   224 |       |       ||   555
       Halberd           |       |       |   115 |    30 |       |       ||   145
       Demon trident     |       |       |       |   256 |   780 |    66 ||  1102
       Unarmed           |       |       |       |       |     1 |       ||     1
 Cast: Searing Ray       |       |       |       |     2 |     4 |       ||     6
       Fulminant Prism   |       |       |       |       |     9 |       ||     9
       Magic Dart        |       |       |       |       |     4 |    39 ||    43
       Iskenderun's Batt |       |       |       |       |       |     5 ||     5
Invok: Bend Time         |       |       |     2 |     1 |       |       ||     3
       Slouch            |       |       |       |     1 |     8 |     2 ||    11
 Abil: Fly               |       |     1 |       |       |       |       ||     1
Evoke: Wand              |       |       |       |       |     4 |     3 ||     7
       Sack of spiders   |       |       |       |       |     1 |       ||     1
  Use: Scroll            |       |    12 |     3 |    21 |     8 |     1 ||    45
       Potion            |       |       |     2 |     2 |     1 |       ||     5
 Stab: Sleeping          |     4 |     2 |     4 |     3 |       |       ||    13
       Confused          |     1 |       |       |       |       |       ||     1
       Paralysed         |       |     3 |       |       |       |       ||     3
       Distracted        |       |       |     1 |     1 |       |       ||     2
  Eat: Chunk             |     2 |     5 |     7 |    10 |    12 |     2 ||    38
       Ration            |       |     1 |       |       |     3 |       ||     4
Armor: Leather armour    |    10 |    31 |    43 |    37 |       |       ||   121
       Chain mail        |       |       |       |    23 |    69 |       ||    92
       Pearl dragon scal |       |       |       |       |     6 |    12 ||    18
Dodge: Dodged            |    24 |   100 |   300 |   346 |   442 |   102 ||  1314
Block: Buckler           |       |       |       |    84 |   191 |    36 ||   311
